 Dungeon Sprint DCSS version 0.17-a0-1840-g87820a2 (webtiles) character file.

130 nuthulu the Covered (level 5, -2/36 HPs)
             Began as a Gargoyle Fighter on Sept 16, 2015.
             Slain by a human
             ... wielding a +0 whip
              (14 damage)
             ... in the Dungeon (Sprint III: "The Ten Rune Challenge").
             The game lasted 00:01:37 (337 turns).

nuthulu the Covered (Gargoyle Fighter)               Turns: 337, Time: 00:01:37

Health: -2/36      AC: 13    Str: 25    XL:     5   Next: 14%
Magic:  5/5        EV:  8    Int:  8    God:
Gold:   20         SH: 10    Dex: 10    Spells: 0 memorised, 4 levels left

rFire  . . .     SeeInvis .     a - +0 flail
rCold  . . .     Clarity  .     b - +0 scale mail
rNeg   + . .     SustAt   .     c - +0 shield
rPois  ∞         Gourm    .     (no helmet)
rElec  +         Spirit   .     l - +0 cloak
rCorr  .         Warding  .     (no gloves)
rMut   .         NoTele   +     (no boots)
MR     .....                    (no amulet)
Stlth  ..........               (no ring)
                                (no ring)

@: mighty, not resistant to hostile enchantments, extremely unstealthy
A: negative energy resistance 1, electricity resistance, unbreathing,
petrification resistance, rot immunity, AC +4
a: no special abilities


You were in the Dungeon.
You were not hungry.

You visited 1 branch You collected 20 gold pieces.

Inventory:

Hand weapons
 a - a +0 flail (weapon)
Armour
 b - a +0 scale mail (worn)
 c - a +0 shield (worn)
 l - a +0 cloak (worn)
Scrolls
 k - a scroll of blinking
 n - a scroll of immolation {unknown}
 p - a scroll of remove curse
 s - a scroll of torment {unknown}
Potions
 f - a potion of curing
 g - a potion of heal wounds
 i - 2 potions of magic
 m - 2 potions of mutation
 r - 3 potions of flight
 u - 2 potions of ambrosia
Comestibles
 e - 2 bread rations
 h - a chunk of flesh
 t - a meat ration


   Skills:
 + Level 6.1 Fighting
 + Level 5.2 Maces & Flails
 + Level 6.3 Armour
 + Level 6.2 Shields


You had 4 spell levels left.
You didn't know any spells.

Dungeon Overview and Level Annotations

Branches:
Dungeon (1/1)

Altars:
Okawaru
Trog


Innate Abilities, Weirdness & Mutations

You are resistant to torment.
Your stone body is resilient (AC +4).
You are immune to poison.
You resist negative energy.
You are resistant to electric shocks.
You can survive without breathing.
You are immune to petrification.
You are immune to rotting.


Message History

You block the human's attack. The human closely misses you.
As you open the door, it creaks loudly!
The human hits you but does no damage. x2
The human hits you with a whip! The human barely misses you.
There is an open door to the Ecumenical Temple here.
You block the human's attack.
You thump the human!
The human is heavily wounded.
The human hits you with a whip. The human hits you but does no damage.
You closely miss the human.
The human is heavily wounded.
The human closely misses you.
You sock the human!
The human is almost dead.
The human barely misses you. The human hits you with a whip.
You hit the human.
The human is almost dead.
The human hits you but does no damage. The human hits you with a whip!
You die...

▓▓▓▓▓▓▓▓▓▓ ▓▓▓ <.#..+...♣♣♣
♣.# ##### ..#.!#.....♣♣ ♣.#
#__[# #+####......♣ ♣♣.# #...
.....#....≈.♣ ♣..###+#'###+##
.....#)..≈≈♣♣ ♣..#..........#
.....#..≈≈≈≈♣♣♣♣@pp⌠........#
####'#..≈≈≈≈≈≈♣♣.#...######+#
....)#.≈≈≈≈≈≈....#.⌠.#
.....#.≈≈≈≈≈.....#...#
.....#.≈≈≈.......#+###
+#####...........#
.................#
▓▓▓▓▓▓▓▓▓▓▓▓▓▓▓▓▓▓


You could see 2 humans.

Vanquished Creatures
  A water elemental (D)
  Crazy Yiuf (D)
  Jessica (D)
  A human (D)
  An ooze (D)
  2 rats (D)
7 creatures vanquished.

Vanquished Creatures (others)
  2 draconian scorchers (D)
  2 yaktaurs (D)
  A plant (D)
5 creatures vanquished.

Grand Total: 12 creatures vanquished

Notes
Turn   | Place    | Note
--------------------------------------------------------------
     0 | D        | nuthulu the Gargoyle Fighter began the quest for the Orb.
     0 | D        | Reached XP level 1. HP: 14/14 MP: 1/1
    69 | D        | Noticed Jessica
    73 | D        | Killed Jessica
    73 | D        | Reached skill level 4 in Fighting
    73 | D        | Reached XP level 2. HP: 18/20 MP: 2/2
    73 | D        | Reached XP level 3. HP: 21/24 MP: 3/3
    95 | D        | Killed a yaktaur
   111 | D        | Killed a yaktaur
   158 | D        | Reached skill level 5 in Fighting
   158 | D        | Reached skill level 5 in Armour
   158 | D        | Reached skill level 5 in Shields
   164 | D        | Noticed Crazy Yiuf
   165 | D        | Killed a white draconian scorcher
   178 | D        | Killed Crazy Yiuf
   178 | D        | Reached XP level 4. HP: 28/31 MP: 4/4
   237 | D        | Noticed a water elemental
   242 | D        | Killed a water elemental
   242 | D        | Reached skill level 6 in Fighting
   242 | D        | Reached skill level 5 in Maces & Flails
   242 | D        | Reached XP level 5. HP: 36/36 MP: 5/5
   280 | D        | Killed a white draconian scorcher
   322 | D        | Found an iron altar of Okawaru.
   322 | D        | Found a bloodstained altar of Trog.
   322 | D        | Noticed a human
   324 | D        | Noticed a human
   337 | D        | Slain by a human

Vault maps used:
D:        dungeon_sprint_mu

Action                   |  1- 3 |  4- 6 || total
-------------------------+-------+-------++-------
Melee: Flail             |    48 |    10 ||    58
  Use: Potion            |     1 |     2 ||     3
       Scroll            |       |     4 ||     4
